 Dungeon Crawl Stone Soup version 0.28.0 (webtiles) character file.

Game seed: 12154284813493889205

132 GrayStillPlays the Skirmisher (level 4, -4/37 HPs)
             Began as a Demonspawn Fighter on Feb 12, 2022.
             Killed from afar by an orc wizard (7 damage)
             ... with a magic dart
             ... on level 3 of the Dungeon.
             The game lasted 00:03:25 (3433 turns).

GrayStillPlays the Skirmisher (Demonspawn Fighter)  Turns: 3433, Time: 00:03:25

Health: -4/37      AC:  8    Str: 17    XL:     4   Next: 92%
Magic:  6/6        EV:  9    Int: 11    God:
Gold:   99         SH:  4    Dex: 12    Spells: 6/6 levels left

rFire   . . .      SeeInvis +   a - +0 war axe {axe}
rCold   . . .      Faith    .   c - +0 buckler
rNeg    . . .      Spirit   .   b - +0 scale mail
rPois   .          Reflect  .   r - +0 helmet
rElec   .          Harm     .   (no cloak)
rCorr   .          Rampage  .   (no gloves)
Will    .....                   (no boots)
Stlth   ..........              (no amulet)
HPRegen 0.12/turn               k - ring of see invisible
MPRegen 0.10/turn               (no ring)

@: mighty
A: ignite blood 1
a: no special abilities


You were on level 3 of the Dungeon.
You visited 1 branch of the dungeon, and saw 3 of its levels.

You collected 99 gold pieces.


Innate Abilities, Weirdness & Mutations

Your demonic aura sometimes causes spilled blood to erupt in flames.


   Skills:
 + Level 3.8 Fighting
 - Level 1.7 Axes
 + Level 3.4 Armour
 + Level 3.4 Shields
 + Level 1.8 Spellcasting


You had 6 spell levels left.
You didn't know any spells.
Your spell library was empty.

Inventory:

Hand Weapons
 a - a +0 war axe (weapon) {axe}
 o - a +1 dagger of venom {short}
   (You took it off a goblin on level 2 of the Dungeon)
Missiles
 e - 61 stones (quivered) {throwing}
 h - 41 bolts
 i - 23 sling bullets
 j - 5 boomerangs {throwing}
 l - 57 arrows
Armour
 b - a +0 scale mail (worn)
 c - a +0 buckler (worn)
 r - a +0 helmet (worn)
   (You found it on level 2 of the Dungeon)
 s - a +0 leather armour of poison resistance
   (You found it on level 3 of the Dungeon)
Jewellery
 k - a ring of see invisible (left hand)
   (You found it on level 1 of the Dungeon)
Scrolls
 g - 2 scrolls of teleportation {unknown}
 n - a scroll of identify {unknown}
 q - a scroll of fear {unknown}
 v - a scroll of noise {unknown}
Potions
 f - 3 potions of curing {unknown}
 m - 2 potions of attraction {unknown}
 p - 2 potions of berserk rage {unknown}
 t - a potion of ambrosia {unknown}
 u - a potion of brilliance {unknown}
 w - a potion of cancellation {unknown}

Dungeon Overview and Level Annotations

Branches:
Dungeon (3/15)

Altars:

#..... ............
.###.#................
....................).
......#. .........#.
...... .........#.
.###.#.)# #........#.
.....#.)# #.##.......
...####oo.####.##.....#.
.......@................
........................
..........####.#..#...##
..........####.#.##...##
..................).....
...#.##.########.##.....
...#. #.##...# #.##.#.#.
.... ...##
#.####.###.##.#.#. .#..#
....## #.....##.#.#.


You could see an orc priest and an orc wizard (invisible).


Message History

You hit the bat.
You kill the bat!
No target in view!
You see here a bat corpse.
An endoplasm comes into view.
The endoplasm quivers. 😎 HP[+1]
Your hp is fully restored (37).
An endoplasm is nearby!
The endoplasm barely misses you.
You slash the endoplasm!
You kill the endoplasm!
No target in view!
No target in view!
You see here a +0 club {mace}.
w - a bubbling brown potion A rat comes into view.
A rat is nearby!
You see here a +0 club {mace}.
The rat bites you. 😕 HP[-2]
You take 2 damage, and now have 35/37 hp.
You barely miss the rat. The rat barely misses you. You block the rat's attack.
You closely miss the rat. The rat bites you but does no damage.
You barely miss the rat. The rat barely misses you. You block the rat's attack.
You slash the rat!
You kill the rat! 😕 HP[+1] No target in view!
No target in view!
An endoplasm and 2 orcs come into view.
The endoplasm quivers. 😎 HP[+1]
Your hp is fully restored (37).
There are monsters nearby!
An endoplasm and an orc priest come into view.
The endoplasm quivers.
The orc priest looks encouraged for a moment.
You slash the orc!
You kill the orc!
The orc barely misses you.
An orc wizard comes into view. It is wielding a +0 dagger.
The orc wizard shouts!
The endoplasm hits you. The orc barely misses you.
You see here a +0 whip {mace}. 😕 HP[-2]
You take 2 damage, and now have 35/37 hp.
You slash the orc!
You kill the orc!
You hit the endoplasm but do no damage. The endoplasm freezes you.
You are frozen.
The orc wizard casts a spell at you.
You are confused.
The orc priest mumbles some strange prayers to Beogh against you.
Beogh smites you!
The endoplasm hits you but does no damage.
The orc wizard casts a spell at you. The magic dart hits you!
* * * LOW HITPOINT WARNING * * *
You are too injured to fight recklessly! 😨 HP[-18]
You take 18 damage, and now have 17/37 hp.
MASSIVE DAMAGE!! (PAUSE)
You slash the endoplasm!
You kill the endoplasm!
You barely miss the endoplasm.
The orc priest casts a cantrip, but nothing happens.
The endoplasm freezes you.
You are frozen.
* * * LOW HITPOINT WARNING * * *
😨 HP[-2]
You take 2 damage, and now have 15/37 hp.
The orc priest calls down the wrath of Beogh upon you.
Beogh smites you!
* * * LOW HITPOINT WARNING * * *
The orc wizard mumbles some strange words.
The orc wizard flickers and vanishes for a moment. 😱 HP[-10]
You take 10 damage, and now have 5/37 hp.
MASSIVE DAMAGE!! (PAUSE)
You feel very mighty all of a sudden. The endoplasm freezes you.
You are frozen.
* * * LOW HITPOINT WARNING * * *
😱 HP[-2]
You take 2 damage, and now have 3/37 hp.
You feel less confused.
The endoplasm hits you but does no damage.
You slash the orc wizard! You slash the endoplasm!
You kill the endoplasm!
The orc wizard hits you but does no damage.
The orc priest hits you but does no damage.
You barely miss the orc priest. You closely miss the orc wizard.
The orc wizard gestures at you while chanting.
You resist with some effort.
The orc priest miscasts a cantrip.
The orc wizard gestures at you while chanting.
The magic dart hits you!
You die...

Skill      XL: |  1  2 |
---------------+-------+-----
Shields        | 3 |  3.4
Armour         | 3 |  3.4
Spellcasting   | 1 |  1.8
Fighting       | |  3.8
Axes           | |  1.7

Action                   |  1- 3 |  4- 6 || total
-------------------------+-------+-------++-------
Melee: War axe           |   131 |    45 ||   176
  Use: Potion            |       |     1 ||     1
Armor: Scale mail        |    79 |    25 ||   104
Dodge: Dodged            |    64 |    28 ||    92
Block: Buckler           |    27 |    16 ||    43

Levels and vault maps discovered:
D:1:      lightli_arrival_boilingwater, layout_basic, basic_ecumenical_altar
D:2:      minmay_chambers_of_ones, layout_basic, grunt_ministairs_6,
          minmay_3d_cube
D:3:      layout_basic

Notes
Turn   | Place    | Note
-------+----------+-------------------------------------------
     0 | D:1      | GrayStillPlays the Demonspawn Fighter began the quest for
                  | the Orb.
     0 | D:1      | Reached XP level 1. HP: 18/18 MP: 1/1
     0 | D:1      | magus.rc [v1.9.6]
   100 | D:1      | Found a faded altar of an unknown god.
   494 | D:1      | Gained mutation: Your demonic aura sometimes causes spilled
                  | blood to erupt in flames. [demonic ancestry]
   494 | D:1      | Reached XP level 2. HP: 23/24 MP: 2/2
  1461 | D:2      | Reached skill level 3 in Shields
  1462 | D:2      | Reached skill level 3 in Armour
  1483 | D:2      | Reached skill level 1 in Spellcasting
  1623 | D:2      | Reached XP level 3. HP: 27/29 MP: 4/4
  2844 | D:3      | Reached XP level 4. HP: 31/35 MP: 4/6
  3429 | D:3      | HP: 5/37 [orc priest/divine providence (10)]
  3433 | D:3      | Killed from afar by an orc wizard

Vanquished Creatures
  2 orc wizards (D:3)
  2 adders
  A worm (D:2)
  A dart slug (D:1)
  3 orcs (D:3)
  5 ball pythons
  7 endoplasms
  2 giant cockroaches
  7 goblins
  3 hobgoblins
  A jackal (D:2)
  5 kobolds
  A quokka (D:1)
  8 bats
  4 frilled lizards
  4 rats
56 creatures vanquished.

Table legend:
 A = Non-vault XP
 B = Vault XP
 C = Vault XP percentage of total XP
 D = Non-vault monster count
 E = Vault monster count
 F = Vault count percentage of total count
                 A         B        C        D         E       F
            +---------+---------+-------+---------+---------+-------
      Total |     155 |      34 |  18.0 |      45 |      11 |  19.6
            +---------+---------+-------+---------+---------+-------
        D:1 |      22 |       0 |   0.0 |      12 |       0 |   0.0
        D:2 |      19 |      34 |  64.2 |      13 |      11 |  45.8
        D:3 |     114 |       0 |   0.0 |      20 |       0 |   0.0
            +---------+---------+-------+---------+---------+-------

Illustrated notes

Table legend:
 A = Kills in this place as a percentage of kills in entire the game.
 B = Kills by you in this place as a percentage of kills by you in the entire game.
 C = Kills by friends in this place as a percentage of kills by friends in the entire game.
 D = Other kills in this place as a percentage of other kills in the entire game.
 E = Experience gained in this place as a percentage of experience gained in the entire game.
 F = Experience gained in this place divided by the number of levels of this place that you have seen.
                   A       B       C       D       E      F
               +-------+-------+-------+-------+-------+----------------------
         Total | 100.0 | 100.0 |   N/A |   N/A | 100.0 |  63.0
       Dungeon | 100.0 | 100.0 |   N/A |   N/A | 100.0 |  63.0
               +-------+-------+-------+-------+-------+----------------------

Table legend: (Time is in decaauts)
 A = Elapsed time spent in this place.
 B = Non-inter-level travel time spent in this place.
 C = Inter-level travel time spent in this place.
 D = Time resting spent in this place.
 E = Time spent auto-exploring this place.
 F = Levels seen in this place.
 G = Mean time per level.
                   A        B        C        D        E       F      G
               +--------+--------+--------+--------+--------+-----+--------+
         Total |   3515 |   3339 |    176 |      0 |   2864 |   3 | 1171.7 |
       Dungeon |   3515 |   3339 |    176 |      0 |   2864 |   3 | 1171.7 |
               +--------+--------+--------+--------+--------+-----+--------+

Top non-repeatable levels by time:
     D:2: 1560 daAuts
     D:1: 1301 daAuts
     D:3: 653 daAuts
